[Event "SixDays Budapest March GM-B 2023"]
[Site "Budapest"]
[Date "2023.03.27"]
[Round "5.1"]
[White "Ilincic, Zlatko"]
[Black "Vantika Agrawal"]
[Result "1/2-1/2"]
[ECO "A56"]
[WhiteElo "2302"]
[BlackElo "2367"]
[Annotator "TA"]
[PlyCount "43"]
[EventDate "2023.03.24"]
[EventType "tourn"]
[EventCountry "HUN"]
[SourceTitle "playchess.com"]
[Source "ChessBase"]
[SourceQuality "1"]
[TimeControl "5400+30"]

1. d4 Nf6 2. c4 c5 3. Nf3 cxd4 4. Nxd4 e5 5. Nc2 Nc6 6. Nc3 Bc5 7. Be3 {[%emt 0:04:32] A31: Symmetrical English: 2 Nf3 Nf6 3 d4.} Be7 8. g3 h6 9. Bg2 {[%emt 0:00:40] White is better.} d6 10. O-O O-O 11. Qd3 {[%emt 0:09:20] [#]} Be6 $146 ({Predecessor:} 11... Bg4 12. Rfd1 Kh8 13. Rac1 a6 14. b3 Bh5 15. h3 Rc8 16. Qd2 Bg6 17. Kh2 Bh7 {1-0 Vaulin,A (2540)-Kornev,A (2507) St Petersburg White Nights op 2001 (9)}) 12. b3 {[%emt 0:12:52] White is much more active. The black rooks are badly placed.} Qd7 13. Rfd1 Bf5 14. Ne4 Rad8 15. Nxf6+ Bxf6 16. Be4 Be6 17. Bc1 Be7 18. Ba3 Kh8 19. Bd5 Bf5 20. Be4 (20. e4 $14 Bg4 21. f3) 20... Bh3 21. Bg2 Bf5 (21... Bxg2 $11 {should be considered.} 22. Kxg2 f5) 22. Be4 {[%emt 0:02:07] Weighted Error Value: White=0.13 (very precise) /Black=0.12 (very precise)} (22. e4 $14 Bg4 23. f3) 1/2-1/2

[Event "SixDays Budapest March GM-B 2023"]
[Site "Budapest"]
[Date "2023.03.27"]
[Round "5.2"]
[White "Moksh Amit Doshi"]
[Black "Swayams, Mishra"]
[Result "1/2-1/2"]
[ECO "D63"]
[WhiteElo "2388"]
[BlackElo "2489"]
[Annotator "TA"]
[PlyCount "102"]
[EventDate "2023.03.24"]
[EventType "tourn"]
[EventCountry "HUN"]
[SourceTitle "playchess.com"]
[Source "ChessBase"]
[SourceQuality "1"]
[TimeControl "5400+30"]

1. d4 Nf6 2. c4 e6 3. Nf3 d5 4. Nc3 Nbd7 5. Bg5 Be7 6. e3 O-O 7. Rc1 c6 8. h3 b6 9. Bd3 Bb7 10. O-O h6 11. Bf4 c5 12. cxd5 Nxd5 13. Nxd5 Bxd5 {[%emt 0:00:57] [#]} (13... exd5 {simplifies} 14. b3 Nf6 15. Qc2 Rc8) 14. dxc5 $146 {[%emt 0:01:24] E12: Queen's Indian: Unusual White 4th moves, 4 a3, 4 Nc3 Bb7 5 a3 and 4 Nc3 Bb7 .} (14. Qe2 {with more complications.} cxd4 15. Bc7 Qe8 16. Nxd4 Nc5 17. Bb5) ({Predecessor:} 14. Bb1 Nf6 15. Ne5 cxd4 16. Qxd4 Bc5 17. Qa4 Qe7 18. e4 Bb7 19. a3 a6 20. b4 b5 21. Qb3 Bb6 {1-0 Chekhova Kostina,T (2295)-Maslakovic,B Pula op 1990 (4)}) 14... Nxc5 {[%emt 0:00:13] [#] Strongly threatening ...Bxf3.} 15. Bc4 Bxc4 16. Rxc4 Qxd1 17. Rxd1 Rfd8 18. Rxd8+ Rxd8 19. Rd4 Nd3 20. Rxd8+ Bxd8 21. Ne5 Nxf4 22. exf4 $11 {[%emt 0:00:07][%mdl 4096] Endgame KB-KN} Bc7 23. Kf1 a6 24. Ke2 f6 25. Nd3 Kf7 26. Ke3 Ke7 27. Kd4 Kd6 28. a4 b5 29. axb5 axb5 30. f3 Bb6+ 31. Kc3 Ba5+ 32. Kd4 Bd2 33. g3 Ba5 34. Ke4 g6 35. Kd4 Bb6+ 36. Kc3 Ba5+ 37. Kd4 Kc6 38. Ke4 Kd6 39. Kd4 Bb6+ 40. Kc3 Bc5 41. Nc1 Kd5 42. Kd3 Bd4 43. b3 Bf2 44. Ne2 {[%emt 0:00:08] The position is equal.} Kc5 45. Kc3 Be1+ 46. Kd3 Kb4 47. Kc2 Bf2 48. Kb2 Kc5 49. Kc3 Be1+ 50. Kd3 Kb4 51. Kc2 Bf2 {[%emt 0:00:03] A balanced but interesting game.   Weighted Error Value: White=0.03 (flawless) /Black=0.02 (flawless)} 1/2-1/2

[Event "SixDays Budapest March GM-B 2023"]
[Site "Budapest"]
[Date "2023.03.27"]
[Round "5.3"]
[White "Varga, Csaba Zoltan"]
[Black "Priasmoro, Novendra"]
[Result "0-1"]
[ECO "A45"]
[WhiteElo "2278"]
[BlackElo "2521"]
[Annotator "TA"]
[PlyCount "90"]
[EventDate "2023.03.24"]
[EventType "tourn"]
[EventCountry "HUN"]
[SourceTitle "playchess.com"]
[Source "ChessBase"]
[SourceQuality "1"]
[TimeControl "5400+30"]

1. d4 Nf6 2. a3 g6 3. Bf4 Bg7 {[%emt 0:00:07] [#]} 4. Nd2 $146 ({Predecessor:} 4. e3 O-O 5. Nf3 d6 6. h3 c5 7. Be2 Qb6 8. Nc3 Bf5 9. g4 cxd4 10. exd4 {1-0 Perez Garcia,A (2177)-Ros Alonso,J (2190) Barcelona Sant Andreu FM 2019 (3)}) 4... c5 5. e3 Nc6 6. c3 {[%emt 0:00:29][%cal Bc2c3,Bc3d4][%mdl 32] A00: Irregular Openings.} Nh5 (6... d6 $11) 7. Bg5 (7. d5 $5 ) 7... h6 8. Bh4 {[%emt 0:00:09] The position is equal.} cxd4 9. cxd4 O-O 10. Bd3 d5 11. Ngf3 Qb6 12. b4 e5 13. dxe5 Nxe5 14. Nxe5 Bxe5 15. Rc1 a5 16. Be7 Re8 17. Bc5 Qf6 {[%emt 0:00:23] [#] White must now prevent ...b6.} 18. Bb5 Rd8 19. bxa5 Rxa5 20. a4 Ra8 (20... Bb2 $5) 21. Nf3 Bg4 22. O-O Rac8 23. Be2 {[%emt 0:06:25][%cal Bb5e2,Be2f3,Bf3d5][%mdl 32] Hoping for Nxe5.} b6 24. Bd4 Bxf3 25. Rxc8 Rxc8 26. Bxf3 Bxd4 27. exd4 Nf4 $40 {[%emt 0:00:48][%mdl 128] Black is up to no good.} 28. g3 Ne6 29. Bxd5 Nxd4 30. Qg4 Rc2 31. Qd7 (31. Qe4 $11) 31... Kg7 $15 32. Qb7 {[%emt 0:00:59] [#]} (32. Kg2 $15) 32... Rd2 ({Black should try} 32... Ne2+ $1 $17 33. Kg2 h5) 33. h4 Ne2+ 34. Kg2 Nc3 35. Bf3 Nxa4 {[%emt 0:00:30] Black is much more active.} 36. Rb1 $2 (36. Qe4 $17 {is a better chance.} Nc5 37. Qe3) 36... Qd4 $19 37. Rf1 Nb2 (37... Nc3 $142 {aiming for ...b5.} 38. Qa7 Ra2) 38. Qe4 Qxe4 39. Bxe4 $17 {[%emt 0:00:04][%mdl 4096] Endgame KRB-KRN} Nd1 40. Kf3 {[%emt 0:00:47] Inhibits Ne3.} b5 {[%emt 0:00:23][%cal Bb6b5,Bb5b4,Bb4b3,Bb3b2][%mdl 32] And now ...b4 would win.} 41. Bc6 (41. Bc2 $17 Nb2 42. Rc1) 41... b4 $19 42. Ba4 {[%emt 0:00:11] Prevents b3.} Nc3 43. Ke3 {[%emt 0:00:19] Against Rd3+} (43. Ra1) 43... Ra2 {[%emt 0:00:29] Black is clearly winning.} 44. Bc6 b3 {[%emt 0:01:32] ...b2 would be deadly.} 45. Be4 b2 {[%emt 0:00:19] Weighted Error Value: White=0.41/Black=0.13 (very precise)} 0-1

[Event "SixDays Budapest March GM-B 2023"]
[Site "Budapest"]
[Date "2023.03.27"]
[Round "5.4"]
[White "Pribelszky, Bence"]
[Black "Tran, Thanh Tu"]
[Result "1-0"]
[ECO "B00"]
[WhiteElo "2380"]
[BlackElo "2402"]
[Annotator "TA"]
[PlyCount "95"]
[EventDate "2023.03.24"]
[EventType "tourn"]
[EventCountry "HUN"]
[SourceTitle "playchess.com"]
[Source "ChessBase"]
[SourceQuality "1"]
[TimeControl "5400+30"]

1. e4 Nc6 2. d4 d6 3. Nc3 g6 4. Be3 Bg7 5. Qd2 e5 6. Nge2 exd4 7. Nxd4 Nf6 8. f3 O-O 9. O-O-O Nxd4 10. Bxd4 Be6 11. Kb1 {[%emt 0:19:57] White is more active.} b5 {[%emt 0:07:27] [#] C41: Philidor Defence.} 12. Bxb5 $146 (12. Nxb5 $16 {next Qa5 is good for White.} a6 13. Nc3) ({Predecessor:} 12. Nxb5 c6 13. Na3 Rb8 14. b3 a5 15. Bb2 Qb6 16. Nc4 Bxc4 17. Bxc4 d5 18. exd5 cxd5 19. Be2 {1-0 Manik,M (2380)-Zatonskih,V (2330) Hlohovec op 1995}) 12... c5 $1 $11 13. Be3 Qa5 {[%emt 0:06:33] Threatens to win with ...Rfb8. The position is equal.} 14. Qxd6 {[%emt 0:10:41] [#]} (14. e5 $11 dxe5 15. Qd6 (15. Bxc5 Rfc8 $17)) 14... Nxe4 $1 $17 15. fxe4 {[%emt 0:00:57] Qa6 would be deadly.} Bxc3 16. Qa6 Qb4 {[%emt 0:00:16][%csl Gc3][%cal Rb4b2][%mdl 1024] Black has strong compensation.} (16... Bxa2+ 17. Kc1 $14) 17. Bc1 {[%emt 0:02:00] Strongly threatening a3.} Rab8 18. a4 Be5 $1 19. Rd3 (19. Qxa7 $2 Ra8 20. Qe7 Rxa4 $19) 19... c4 $1 (19... Qxe4 $6 20. Rhd1 $15) 20. c3 {[%emt 0:00:01][%mdl 64] Deflection} Qe7 21. Rf3 (21. Bxc4 $2 Rb6 $19) 21... Bc8 22. Qc6 {[%emt 0:05:08] [#]} (22. Qa5 $15) 22... a6 23. Bxa6 $11 (23. Bxc4 $2 {is the wrong capture.} Bb7 24. Rxf7 Rxf7 $19) 23... Bxa6 24. Qxa6 Qc7 25. a5 {[%emt 0:04:56][%cal Ba4a5,Ba5a6,Ba6a7][%mdl 32] Prevents Rb6.} Ra8 (25... Rfd8 $11 26. Be3 Ra8) 26. Qb6 $14 Qe7 27. Rhf1 ({White should play} 27. Rd1 $16) 27... f6 $2 (27... Bg7 $1 $11 28. Qc6 Rxa5) 28. a6 Rfd8 29. Qb5 (29. Qc6 $16) 29... Rac8 $2 (29... Qe6 $14) 30. Bf4 $18 {[%emt 0:00:52][%cal Bc1f4,Bf4e3,Be3b6][%mdl 32] Hoping for Bxe5.} Rc5 31. Qa4 Rdc8 32. Be3 R5c7 33. a7 Ra8 34. Bb6 Rcc8 35. Rd1 Qb7 36. Qa5 (36. Bf2 $142) 36... Qxe4+ (36... Bc7 $142) 37. Ka1 Qc2 $2 (37... Qc6 38. Qd5+ Kh8 39. Qxc6 Rxc6) 38. Rd7 {[%emt 0:00:12] Threatening mate with Qd5+.} Rf8 39. Qd5+ Kh8 40. Qb7 f5 41. Rxh7+ Kg8 42. Rd7 (42. Qd5+ $142 Kxh7 43. Rh3+ (43. Qxe5 Qd1+ 44. Ka2 Qb3+ 45. Kb1 Qd1+ 46. Ka2 Qb3+ 47. Kb1 Qd1+ 48. Ka2 $11) 43... Kg7 44. Qxe5+ Rf6 45. Qe7+ Kg8 46. Qh7+ (46. Qxf6 Qd1+ 47. Ka2 Qb3+ 48. Kb1 Qd1+ 49. Ka2 Qb3+ 50. Kb1 Qd1+ 51. Ka2 $11) 46... Kf8 47. Bc5+ Rd6 48. Bxd6+ Ke8 49. Qe7#) 42... Qe4 43. Qxe4 fxe4 44. Re3 (44. Rxf8+ $142 Kxf8 45. Rd8+ Rxd8 46. Bxd8 Ke8 47. a8=Q Kd7 48. Bg5 Bxh2 49. Qb7+ Ke6 50. Qxe4+ Kd7 51. Qxc4) 44... Rf6 {[%emt 0:00:44] White is clearly winning.} 45. Rb7 Rf4 46. g3 Rf7 47. Rxf7 Kxf7 48. Rxe4 {[%emt 0:00:35] An entertaining game by Pribelszky.   Weighted Error Value: White=0.40/Black=0.52} 1-0

[Event "SixDays Budapest March GM-B 2023"]
[Site "Budapest"]
[Date "2023.03.27"]
[Round "5.5"]
[White "Royal, Shreyas"]
[Black "Joshua, A P"]
[Result "1-0"]
[ECO "D35"]
[WhiteElo "2452"]
[BlackElo "2300"]
[Annotator "TA"]
[PlyCount "75"]
[EventDate "2023.03.24"]
[EventType "tourn"]
[EventCountry "HUN"]
[SourceTitle "playchess.com"]
[Source "ChessBase"]
[SourceQuality "1"]
[TimeControl "5400+30"]

1. d4 d5 2. c4 e6 3. Nc3 Nf6 4. cxd5 exd5 5. Bg5 c6 6. e3 Be7 7. Bd3 h6 8. Bh4 Nbd7 {[%emt 0:00:08] D35: Queen's Gambit Declined: Exchange Variation.} 9. Bg3 O-O 10. h3 Re8 {[%emt 0:00:52] The position is equal.} 11. Nf3 {[%emt 0:00:08] [#]} Bf8 $146 ({Predecessor:} 11... Bb4 12. Qb3 c5 13. O-O Bxc3 14. Qxc3 c4 15. Bc2 a5 16. a4 Qb6 17. b3 Ne4 18. Bxe4 dxe4 {1-0 Carlsen,M (2862)-Firouzja,A (2749) Skilling op Prelim rapid 2020 (5)}) 12. O-O Ne4 13. Bh2 Bd6 14. Qc2 Bxh2+ 15. Kxh2 Qe7 16. Rfe1 g5 17. Kg1 h5 18. Nd2 Ndf6 19. f3 $36 {[%emt 0:02:04][%mdl 2048] Black is under pressure.} Nxc3 20. bxc3 g4 21. e4 {[%emt 0:01:58] Black is now going downhill.} dxe4 (21... gxh3 $16 22. exd5 {[%mdl 64] Discovered Attack} (22. e5 Nd7 $11) 22... Qd6) 22. Nxe4 $18 Nxe4 23. Rxe4 (23. Bxe4 Qg5 $14) 23... Be6 24. Qd2 (24. hxg4 $6 hxg4 25. Qd2 (25. fxg4 Qh4 $16) 25... Qh4 $16) 24... Qf6 {[%emt 0:03:48] Against Qh6} (24... gxh3 {might work better.} 25. Qh6 f5 26. Qg6+ Kf8) 25. hxg4 {[%emt 0:00:05] And now Re5 would win.} hxg4 26. fxg4 Bd5 27. g5 Qd6 28. Rf4 (28. Rh4 $18 {and the rest is easy.}) 28... Kg7 $2 (28... Qe7 $16 {is a better chance.}) 29. Raf1 $2 (29. c4 $18 {has better winning chances.} Be6 30. Raf1) 29... b5 $2 {[%emt 0:07:45] [#]} (29... Qe7 $16) 30. Qf2 $1 {[%emt 0:04:51][%cal Rf4f7] Threatening mate with Rxf7+.} (30. Rf6 Qg3 $14) 30... Qe7 {[%emt 0:04:08] [#]} (30... Qe6 $142 31. Rxf7+ (31. Rh4 Qe3 $16) 31... Qxf7) 31. Be4 $1 {[%emt 0:01:09][%mdl 64] Hoping for Bxd5. Deflection} (31. Rh4 Qe3 $16) 31... Rf8 $2 (31... Bc4 32. Re1 Rad8) 32. Bxd5 cxd5 33. Rf5 (33. Re1 $142 Qd8 34. Rf6) 33... Rac8 34. Qf3 ({Don't do} 34. Rxd5 Rc6 35. Rxb5 Re6) 34... Rcd8 $2 (34... Rce8 35. Re5 (35. Qxd5 Qe3+ 36. R1f2 Qe1+ 37. Kh2 Rh8+ 38. Kg3 Re3+ 39. R5f3 Rxf3+ 40. Qxf3 Qe7 $18) 35... Qd8 36. Rxd5 Qb6) 35. Qh3 {[%emt 0:04:31] aiming for Qh6+.} ({Stronger than} 35. Rxd5 Rxd5 36. Qxd5 Qe3+ 37. Rf2 Qe1+ 38. Rf1 Qe3+ 39. Rf2 Qe1+ 40. Rf1 Qe3+ $11) 35... Rd6 {[%emt 0:02:15] Inhibits Qh6+.} 36. Rf6 Re6 37. Qh6+ Kg8 {[%emt 0:00:02] [#]} 38. g6 $1 {[%emt 0:00:08] Artfully played by Royal.   Weighted Error Value: White=0.55/Black=0.99} 1-0

[Event "SixDays Budapest March GM-B 2023"]
[Site "Budapest"]
[Date "2023.03.27"]
[Round "6.1"]
[White "Vantika Agrawal"]
[Black "Joshua, A P"]
[Result "1-0"]
[ECO "E04"]
[WhiteElo "2367"]
[BlackElo "2300"]
[Annotator "TA"]
[PlyCount "71"]
[EventDate "2023.03.24"]
[EventType "tourn"]
[EventCountry "HUN"]
[SourceTitle "playchess.com"]
[Source "ChessBase"]
[SourceQuality "1"]
[TimeControl "5400+30"]

1. d4 d5 2. c4 e6 3. Nf3 Nf6 4. g3 dxc4 5. Bg2 c5 6. O-O Nc6 7. Qa4 Bd7 8. dxc5 Bxc5 {[%emt 0:00:19] 8...Na5 is the hot move.} 9. Qxc4 Be7 10. Nc3 Rc8 {[%emt 0:00:35] E04: Open Catalan: 5 Nf3.} 11. e4 {[%emt 0:02:34] [#]} Ng4 $146 ({Predecessor:} 11... Ne5 12. Qe2 Nxf3+ 13. Bxf3 e5 14. Bg5 O-O 15. Rfd1 Qe8 16. Bxf6 Bxf6 17. Rxd7 Qxd7 18. Bg4 {½-½ Gaboyan,S (2111)-Kursova,M (2279) ARM-ch HL (Women) 74th+ 2019 (1)}) 12. Qe2 Nge5 {[%emt 0:07:23] White is slightly better.} 13. Nxe5 Nxe5 14. Rd1 (14. Bf4 $5 Bf6 15. Rfd1 $14) 14... O-O 15. Bf4 Bf6 16. Rac1 a6 17. Be3 (17. Bd2 $5 ) 17... b5 (17... Nc4 $14) 18. f4 $36 {[%emt 0:14:53][%mdl 2048] Keeping Black busy. White is more active.} Nc4 {[%emt 0:00:35] [#]} 19. Bf2 $1 Be7 20. e5 {[%emt 0:02:42] Hoping for Bb7.} Rc7 {[%emt 0:02:35] Against Bb7. Loses the game.} (20... Na5 $16) 21. b3 $18 Na3 22. Bb6 {[%emt 0:09:34] Threatens to win with Qf2.} Bc5+ 23. Bxc5 Rxc5 24. Qe3 Rc7 25. Ne4 b4 26. Qd4 Rxc1 27. Rxc1 {[%emt 0:00:14][%cal Oc1d1,Bd1c1,Bc1c7,Bc7b7,Bb7b8,Bb8b7][%mdl 32] Strongly threatening Rd1!} Qe7 28. Nd6 {[%emt 0:04:52] Black must now prevent Qa7.} a5 $2 (28... Nb5 29. Qxb4 Rb8) 29. Rc7 Qd8 30. Qc5 Nb5 {[%emt 0:00:37] [#] Black is weak on the light squares} 31. Rb7 ({Less strong is} 31. Nxb5 Bxb5 32. Qd6 g5 $14) (31. Rxd7 Qxd7 32. Qxb5 (32. Nxb5 Rc8 $11) 32... Qxb5 33. Nxb5 Rc8 $16) 31... Nc3 (31... Nxd6 {was worth a try.} 32. exd6 h5) 32. Qa7 {[%emt 0:00:27] White is clearly winning.} Be8 33. Rb8 Qd7 34. Qxa5 Ne2+ 35. Kf2 {[%emt 0:00:30] Rb7 is the strong threat.} Nc1 36. Rb7 {[%emt 0:00:28] Weighted Error Value: White=0.13 (very precise) /Black=0.47} (36. Qxb4 $2 {perishes.} Nd3+ 37. Kf1 Nxb4 $19) 1-0

[Event "SixDays Budapest March GM-B 2023"]
[Site "Budapest"]
[Date "2023.03.27"]
[Round "6.2"]
[White "Tran, Thanh Tu"]
[Black "Royal, Shreyas"]
[Result "1-0"]
[ECO "D00"]
[WhiteElo "2402"]
[BlackElo "2452"]
[Annotator "TA"]
[PlyCount "63"]
[EventDate "2023.03.24"]
[EventType "tourn"]
[EventCountry "HUN"]
[SourceTitle "playchess.com"]
[Source "ChessBase"]
[SourceQuality "1"]
[TimeControl "5400+30"]

1. d4 d5 2. Nc3 Nf6 3. Bf4 c5 4. e4 Nxe4 5. Nxe4 dxe4 6. dxc5 {[%emt 0:01:50] D00: 1 d4 d5: Unusual lines.} Qxd1+ 7. Rxd1 {[%emt 0:00:06] Strongly threatening Bxb8.} Nc6 8. f3 {[%emt 0:14:12] [#] The position is equal.} Bf5 $146 ({Predecessor:} 8... e5 9. Be3 exf3 10. Nxf3 Be6 11. Bb5 f6 12. a4 Rc8 13. O-O a6 14. Bxc6+ Rxc6 {0-1 Canty,J (2225)-Rosen,E (2360) I'M Not A GM Speed Chess blitz 2022 (4.26)}) 9. c3 g6 {[%emt 0:04:24] Black is weak on the dark squares} (9... e6 $11) 10. Bc4 Bg7 11. fxe4 Bxe4 12. Nf3 O-O 13. O-O h6 14. Rfe1 Bxf3 15. gxf3 Rfd8 {[%emt 0:00:15] Dodges Rd7} 16. Bd5 e6 17. Be4 Rxd1 (17... a5 $11 {might be stronger.}) 18. Rxd1 $16 Rd8 $2 {[%emt 0:00:05][%mdl 8192] Dodges Rd7} (18... f5 $16) 19. Rxd8+ $18 Nxd8 {[%emt 0:00:08][%mdl 4096] Endgame [#] KBB-KBN} 20. Bb8 $2 (20. Bxb7 $1 $18 {is the precise move to win.} e5 21. c6 Nxc6 22. Be3) 20... Nc6 {[%emt 0:05:54] [#]} (20... Bf8 $16) 21. Bxc6 $1 bxc6 22. Bxa7 {[%emt 0:00:08] KB-KB} Be5 $2 (22... Kf8 23. Bb8 Ke8) 23. b4 $2 (23. a4 $18 {is more deadly.} Kf8 24. a5) 23... Kf8 $2 {[%emt 0:14:03][%mdl 8192] Loses the game.} (23... Bxc3 $16 24. b5 cxb5) 24. c4 Ke7 25. Bb6 Kd7 26. a4 Bc7 27. a5 Kc8 28. a6 {[%emt 0:00:16] Black must now prevent b5.} Be5 29. b5 Bd4+ 30. Kf1 {[%emt 0:00:09] White wants to mate with a7.} cxb5 31. a7 Kb7 32. c6+ {[%emt 0:00:04][%mdl 64] Discovered Attack, Promotion.   Weighted Error Value: White=0.48/Black=1.11} 1-0

[Event "SixDays Budapest March GM-B 2023"]
[Site "Budapest"]
[Date "2023.03.27"]
[Round "6.3"]
[White "Priasmoro, Novendra"]
[Black "Pribelszky, Bence"]
[Result "1-0"]
[ECO "B47"]
[WhiteElo "2521"]
[BlackElo "2380"]
[Annotator "TA"]
[PlyCount "63"]
[EventDate "2023.03.24"]
[EventType "tourn"]
[EventCountry "HUN"]
[SourceTitle "playchess.com"]
[Source "ChessBase"]
[SourceQuality "1"]
[TimeControl "5400+30"]

1. e4 c5 2. Nf3 e6 3. d4 cxd4 4. Nxd4 Nc6 5. Nc3 Qc7 6. g3 a6 7. Bg2 d6 8. Nxc6 {[%emt 0:01:00] B47: Sicilian: Taimanov: 5 Nc3 Qc7 6 f4, 6 g3 and 6 Be2.} bxc6 9. O-O Nf6 10. Re1 {[%emt 0:01:01] White is slightly better.} Bb7 11. Na4 c5 12. c4 Nd7 13. b3 Be7 14. Bb2 O-O 15. Qd2 Bc6 16. Nc3 Bf6 {[%emt 0:00:05] [#]} 17. Nd1 $146 ({Predecessor:} 17. Ne2 Bxb2 18. Qxb2 f5 19. Nf4 Rae8 20. exf5 Bxg2 21. Nxg2 Ne5 22. Re3 Rxf5 23. Nh4 {½-½ Sjugirov,S (2629)-Adhiban,B (2542) Wch U20 50th 2011 (13)}) 17... Bxb2 18. Nxb2 {[%emt 0:01:11] Threatening Red1.} Rfd8 19. Rad1 Nf8 20. Re3 Rd7 21. f4 e5 22. f5 {[%emt 0:02:31] Inhibits Ne6.} a5 23. a4 Ra6 24. g4 Qd8 25. Rd3 Qh4 (25... h6 $5) 26. Qe2 Ba8 (26... Rb7 $14) 27. Rg3 $16 {[%emt 0:00:14] Strongly threatening g5.} h6 {[%emt 0:00:42] [#]} ({Black should play} 27... Qg5) 28. g5 $1 {[%emt 0:01:10] Black must now prevent Rg4.} Nh7 $2 {[%emt 0:04:49] Black cannot hold the game after this.} (28... h5 $16) 29. Rg4 $18 Qh5 {[%emt 0:00:03] [#]} 30. Rd3 $1 Nxg5 (30... hxg5 $2 31. Rh3 $18) 31. h4 Bxe4 $2 (31... f6 32. hxg5 fxg5) 32. Bxe4 {[%emt 0:00:16] Weighted Error Value: White=0.07 (flawless) /Black=0.27 (precise)} 1-0

[Event "SixDays Budapest March GM-B 2023"]
[Site "Budapest"]
[Date "2023.03.27"]
[Round "6.4"]
[White "Swayams, Mishra"]
[Black "Varga, Csaba Zoltan"]
[Result "1/2-1/2"]
[ECO "B90"]
[WhiteElo "2489"]
[BlackElo "2278"]
[Annotator "TA"]
[PlyCount "61"]
[EventDate "2023.03.24"]
[EventType "tourn"]
[EventCountry "HUN"]
[SourceTitle "playchess.com"]
[Source "ChessBase"]
[SourceQuality "1"]
[TimeControl "5400+30"]

1. e4 c5 2. Nf3 d6 3. d4 cxd4 4. Nxd4 Nf6 5. Nc3 a6 6. f3 e6 7. Be3 b5 8. Qd2 Nbd7 9. g4 b4 {[%emt 0:00:38] B80: Sicilian Scheveningen: 6 g3 and 6 Be3, including English Attack.} 10. Nce2 {[%emt 0:01:08] aiming for g5.} Ne5 (10... h6 $11 {keeps the balance.}) 11. Ng3 (11. Qxb4 d5 12. Qc3 (12. Qa4+ $2 Bd7 $19) 12... Rb8 $11) 11... h6 {[%emt 0:02:15] White is slightly better.} 12. O-O-O (12. h4 $1 $14) 12... Bd7 (12... d5 $11) 13. Kb1 (13. Qxb4 $6 d5 14. Qe1 dxe4 $14) 13... Qc7 {[%emt 0:03:17] [#]} 14. h4 $146 ({Predecessor:} 14. Be2 Be7 15. h4 Nc4 16. Bxc4 Qxc4 17. g5 Ng8 18. f4 a5 19. f5 O-O-O 20. fxe6 fxe6 {1-0 Noseda,F (1795)-Vilela,H (2062) Rio de Janeiro Regional Sudeste 2013 (2)}) 14... Rb8 15. Be2 d5 $2 {[%emt 0:06:29][%mdl 8192] [#]} (15... Nc4 $16 {is a better defense.} 16. Bxc4 Qxc4) 16. g5 $1 $18 (16. Bxa6 Ra8 17. Be2 dxe4 $11) 16... hxg5 17. hxg5 {[%emt 0:00:05][%mdl 64] Discovered Attack} Rxh1 18. Rxh1 (18. Nxh1 Ng8 19. exd5 (19. Bxa6 Ra8 $14) 19... exd5 $18) 18... Ng8 19. exd5 (19. Bxa6 Ra8 20. Be2 Qa5 $14) 19... exd5 $2 (19... Ne7 20. Nxe6 (20. Bxa6 Nxd5 21. Be2 Nc3+ 22. Kc1 Ra8 $11) 20... Bxe6) 20. Bf4 (20. Bxa6 Ra8 $18) 20... Ne7 21. Bd3 (21. Bxa6 Ra8 22. Qe3 Nc4 $18) 21... Rc8 22. Nh5 $2 (22. Qxb4 Nxd3 $11) (22. Bxa6 Ra8 23. Qe3 Nc4 $18) (22. Qe2) 22... Nc4 23. Qe2 (23. Qxb4 a5 $18) 23... Qb6 24. Nf5 (24. Be5 $18 Kd8 25. Nxg7 (25. Bxg7 $2 {too greedy.} Bxg7 26. Nb3 Bxb2 $19)) 24... Bxf5 $16 25. Bxf5 Qd4 26. c3 (26. Bxc8 $2 Qxb2#) 26... bxc3 27. Bxc8 {[%emt 0:10:54] A strong pair of Bishops.} cxb2 {[%emt 0:00:20][%cal Rc4a3] [#]} 28. a4 $2 (28. Bxa6 $2 Na3#) ({White must play} 28. Bd6 $1 $18 Nd2+ 29. Kc2 b1=Q+ 30. Rxb1 Nxb1 31. Bg4 (31. Kxb1 Qb6+ 32. Kc2 Qc6+ 33. Kd1 Qxc8 $11) (31. Bxe7 Bxe7 32. Kxb1 Qg1+ 33. Kb2 Qd4+ 34. Kb1 Qg1+ 35. Kb2 Qd4+ 36. Kb1 $11)) 28... Na3+ {[%emt 0:01:35][%mdl 64] Discovered Attack. The position is equal.} 29. Ka2 b1=B+ 30. Rxb1 $1 Nxb1 31. Kxb1 {[%emt 0:10:22] An interesting game.   Weighted Error Value: White=0.70/Black=0.49} 1/2-1/2

[Event "SixDays Budapest March GM-B 2023"]
[Site "Budapest"]
[Date "2023.03.27"]
[Round "6.5"]
[White "Ilincic, Zlatko"]
[Black "Moksh Amit Doshi"]
[Result "1/2-1/2"]
[ECO "E64"]
[WhiteElo "2302"]
[BlackElo "2388"]
[Annotator "TA"]
[PlyCount "52"]
[EventDate "2023.03.24"]
[EventType "tourn"]
[EventCountry "HUN"]
[SourceTitle "playchess.com"]
[Source "ChessBase"]
[SourceQuality "1"]
[TimeControl "5400+30"]

1. d4 Nf6 2. c4 g6 3. g3 Bg7 4. Bg2 O-O 5. Nc3 d6 6. Nf3 c5 7. h3 Nc6 {[%emt 0:07:24] E64: King's Indian: Fianchetto: 6...c5 7 d5.} 8. Be3 cxd4 9. Nxd4 Bd7 {[%emt 0:12:18] [#]} 10. b3 $146 ({Predecessor:} 10. O-O Nxd4 11. Bxd4 Qc8 12. Bxf6 Bxf6 13. Nd5 Bxh3 14. Nxf6+ exf6 15. Bxh3 Qxh3 16. Qxd6 Rfe8 17. e3 Re5 {0-1 Therrien,A (2205)-Rustemov,A (2525) Titled Tuesday intern op 06th Dec Late blitz 2022 (2)}) 10... Qa5 11. Qd2 Rfc8 12. Rd1 a6 {[%emt 0:03:57] The position is equal.} 13. Nxc6 Bxc6 14. Bxc6 Rxc6 15. Nd5 Qxd2+ 16. Kxd2 Kf8 17. Nxf6 Bxf6 18. Rc1 Rd8 19. Rc2 Ke8 20. Rhc1 d5 21. cxd5 Rxd5+ 22. Ke1 Rxc2 23. Rxc2 Kd7 24. Bf4 e5 25. Rd2 Ke6 (25... Rd6 $5 26. Be3 e4 27. Rxd6+ Kxd6 $11) 26. e4 Rxd2 {[%emt 0:01:37] A rather calm draw.   Weighted Error Value: White=0.05 (flawless) /Black=0.04 (flawless)} 1/2-1/2